 Dungeon Crawl Stone Soup version 0.18.1-1-g2f07953 (webtiles) character file.

428 sckip the Jinx (level 6, -4/41 HPs)
             Began as a Vampire Enchanter on May 5, 2016.
             Was an Initiate of Cheibriados.
             Slain by Menkaure (9 damage)
             ... on level 4 of the Dungeon on May 6, 2016.
             The game lasted 00:49:43 (4709 turns).

sckip the Jinx (Vampire Enchanter)                  Turns: 4709, Time: 00:49:44

Health: -4/41      AC:  5    Str:  8    XL:     6   Next: 65%
Magic:  5/9        EV: 12    Int: 21    God:    Cheibriados [......]
Gold:   126        SH:  0    Dex: 15    Spells: 3 memorised, 2 levels left

rFire  . . .     SeeInvis +     B - +0 dagger (curse)
rCold  + . .     Gourm    .     k - +1 robe
rNeg   + + .     Faith    .     (no shield)
rPois  +         Spirit   .     (no helmet)
rElec  .         Dismiss  .     o - +0 cloak
rCorr  .         Reflect  .     (no gloves)
SustAt .         Harm     .     l - +0 pair of boots
MR     .....                    (no amulet)
Stlth  +++.......               (no ring)
                                (no ring)

@: regenerating slowly, very slow, not resistant to hostile enchantments, fairly
stealthy
A: fangs 3, see invisible, unbreathing
a: Bat Form, Bend Time, Renounce Religion


You were on level 4 of the Dungeon.
You worshipped Cheibriados.
Cheibriados was noncommittal.
You were thirsty.

You visited 2 branches of the dungeon, and saw 5 of its levels.

You collected 126 gold pieces.

Inventory:

Hand Weapons
 a - a +1 dagger
 b - a +0 hunting sling
 s - a +2 dagger of speed
 y - a +4 short sword
 B - a cursed +0 dagger (weapon)
Missiles
 f - 55 stones (quivered)
Armour
 e - a +2 pair of gloves
 k - a +1 robe (worn)
 l - a +0 pair of boots (worn)
 o - a +0 cloak (worn)
Jewellery
 r - an uncursed amulet of harm {unknown}
 u - an uncursed ring of protection from cold {unknown}
Scrolls
 d - 2 scrolls of fear {unknown}
 g - 7 scrolls of identify {unknown}
 i - 4 scrolls of teleportation {unknown}
 m - 2 scrolls of enchant weapon {unknown}
 n - 2 scrolls of immolation {unknown}
 w - a scroll of remove curse {unknown}
 C - a scroll of blinking {unknown}
 D - a scroll of amnesia {unknown}
Potions
 h - a potion of beneficial mutation {unknown}
 j - 5 potions of berserk rage {unknown}
 p - 2 potions of ambrosia {unknown}
 q - 21 potions of blood
 t - a potion of heal wounds {unknown}
 v - a potion of cancellation {unknown}
 x - a potion of might {unknown}
 A - a potion of agility {unknown}
Books
 c - a book of Maledictions

   Spells                             Type                      Level
   a - Corona                         Hexes                        1
   b - Ensorcelled Hibernation        Hexes/Ice                    2
   c - Confuse                        Hexes                        3
   d - Tukima's Dance                 Hexes                        3
   e - Dazzling Spray                 Conjuration/Hexes            3
 z - a book of Transfigurations

   Spells                             Type                      Level
   a - Irradiate                      Conjuration/Transmutation    5
   b - Statue Form                    Transmutation/Earth          6
   c - Hydra Form                     Transmutation                6
   d - Dragon Form                    Transmutation                7


   Skills:
 * Level 0.0 Fighting
 - Level 1.1 Short Blades
 + Level 2.1 Dodging
 - Level 4.4 Stealth
 * Level 2.0 Spellcasting
 - Level 10.8 Hexes


You had 2 spell levels left.
You knew the following spells:

 Your Spells              Type           Power        Failure   Level  Hunger
a - Confuse               Hex            #####...     1%          3    ###....
d - Tukima's Dance        Hex            #####...     1%          3    ###....
e - Corona                Hex            #####..      1%          1    #......


Dungeon Overview and Level Annotations

Branches:
Dungeon (4/15)             Temple (1/1) D:4

Altars:
Ashenzari
Cheibriados
Dithmenos
Elyvilon
Gozag
Kikubaaqudgha
Makhleb
Nemelex Xobeh
Okawaru
Pakellas
Qazlal
Ru
Sif Muna
Trog
Vehumet
Xom
Yredelemnul
Zin
The Shining One

Annotations:
D:4 Menkaure


Innate Abilities, Weirdness & Mutations

You heal slowly.
You have razor-sharp teeth.
You have supernaturally acute eyesight.
You can survive without breathing.


Message History

Really attack while wielding your +2 dagger of speed?
This could place you under penance!
You catch the helpless Menkaure completely off-guard!
Cheibriados thinks you should slow down.
You feel a little guilty.
You puncture Menkaure!
Menkaure is heavily damaged.
Wield which item (- for none, * to show all)? (? for menu, Esc to quit)
It sticks to your hand!
B - a cursed +0 dagger (weapon)
Menkaure hits you!!
Ouch! That really hurt!
* * * LOW HITPOINT WARNING * * *
You hit Menkaure but do no damage.
Menkaure is heavily damaged.
Menkaure misses you.
You hit Menkaure.
Menkaure is severely damaged.
You hit Menkaure but do no damage.
Menkaure is severely damaged.
Menkaure hits you!
You die...

###.# #.# #
#.# #.# ♣♣#.#
#.######.#
♣≈#.#
#........###
≈≈≈.#
#.#...<....#
P♣♣≈#
#.######.#
≈≈P≈♣ ..
♣##.####
≈≈P♣≈.#
♣......#
♣≈≈♣♣##
..P≈P.#@##.#
P≈♣♣
...≈≈.M......#
P♣≈
##.≈♣##.######
♣≈♣. .... ...
P♣### ### ###


You could see Menkaure (confused).

Vanquished Creatures
  A howler monkey (D:4)
  2 hounds (D:4)
  Natasha (D:2)
  3 orc wizards
  A worker ant (D:4)
  2 gnolls (D:3)
  7 adders
  6 worms
  5 dart slugs
  A giant gecko (D:2)
  8 orcs
  9 bats
  A giant cockroach (D:3)
  8 goblins
  7 hobgoblins
  11 jackals
  10 kobolds
  2 quokkas
  2 ball pythons
  5 giant newts
  5 rats
97 creatures vanquished.

Vanquished Creatures (collateral kills)
  A gnoll (D:3)
  An orc (D:3)
2 creatures vanquished.

Grand Total: 99 creatures vanquished

Notes
Turn   | Place    | Note
--------------------------------------------------------------
     0 | D:1      | sckip the Vampire Enchanter began the quest for the Orb.
     0 | D:1      | Reached XP level 1. HP: 13/13 MP: 3/3
    81 | D:1      | Reached skill level 5 in Hexes
   378 | D:1      | Reached XP level 2. HP: 13/19 MP: 3/5
   799 | D:1      | Reached skill level 6 in Hexes
  1063 | D:1      | Reached XP level 3. HP: 24/24 MP: 6/6
  1070 | D:1      | Learned a level 3 spell: Confuse
  1171 | D:2      | Found a sparkling altar of Nemelex Xobeh.
  1408 | D:2      | Noticed Natasha
  1871 | D:2      | Reached skill level 7 in Hexes
  2347 | D:2      | Killed Natasha
  2347 | D:2      | Reached XP level 4. HP: 25/30 MP: 7/7
  2352 | D:2      | Learned a level 3 spell: Tukima's Dance
  2384 | D:3      | Upgraded the game from 0.18.0-1-g0107ab7 to 0.18.1-1-g2f07953
  2426 | D:3      | Reached skill level 8 in Hexes
  2880 | D:3      | Reached XP level 5. HP: 35/35 MP: 8/8
  3113 | D:3      | Reached skill level 9 in Hexes
  3775 | D:4      | Reached XP level 6. HP: 23/41 MP: 9/9
  3935 | D:4      | Reached skill level 10 in Hexes
  4481 | D:4      | Found a staircase to the Ecumenical Temple.
  4490 | Temple   | Entered the Ecumenical Temple
  4542 | Temple   | Became a worshipper of Cheibriados the Contemplative
  4693 | D:4      | Noticed Menkaure
  4709 | D:4      | Slain by Menkaure

Skill      XL: |  1  2  3  4  5  6 |
---------------+-------------------+-----
Hexes          | 5 6 7 8 9 10 | 10.8
Short Blades   | |  1.1
Dodging        | |  2.1
Stealth        | |  4.4
Spellcasting   | |  2.0

Action                   |  1- 3 |  4- 6 || total
-------------------------+-------+-------++-------
Melee: Dagger            |   161 |   249 ||   410
       Bite              |    16 |    18 ||    34
 Fire: Hunting sling     |    11 |       ||    11
Throw: Stone             |    30 |       ||    30
 Cast: Corona            |    35 |    16 ||    51
       Confuse           |     4 |    11 ||    15
       Tukima's Dance    |       |     2 ||     2
  Use: Potion            |     5 |     7 ||    12
 Stab: Sleeping          |    11 |    11 ||    22
       Confused          |     2 |     8 ||    10
       Distracted        |       |     1 ||     1
  Eat: Corpse            |     1 |       ||     1
Armor: Robe              |    46 |    39 ||    85
Dodge: Dodged            |    96 |   105 ||   201
